 Dungeon Crawl Stone Soup version 0.16.1-2-g95b8d4c (webtiles) character file.

53 ventricule the Shooter (level 3, 0/23 HPs)
             Began as an Octopode Arcane Marksman on Mar 24, 2015.
             Succumbed to poison (a potion of poison)
             ... on level 2 of the Dungeon.
             The game lasted 00:05:15 (1965 turns).

ventricule the Shooter (Octopode Arcane Marksman)   Turns: 1965, Time: 00:05:16

Health: 0/23       AC:  1    Str: 15    XL:     3   Next: 89%
Magic:  1/4        EV: 12    Int: 16    God:
Gold:   63         SH:  0    Dex: 11    Spells: 2 memorised, 1 level left

rFire  . . .     SeeInvis .     (no weapon)
rCold  . . .     Clarity  .     (no shield)
rNeg   . . .     SustAb   .     (helmet restricted)
rPois  .         Gourm    .     (no amulet)
rElec  .         Spirit   .     h - ring of flight
rCorr  .         Warding  .     (no ring)
rMut   .         Stasis   .     (no ring)
MR     .....                    (no ring)
Stlth  ++........               (no ring)
                                (no ring)
                                (no ring)
                                (no ring)

@: mighty, lethally poisoned (0 -> -21), very slightly contaminated, not
resistant to hostile enchantments, unstealthy
A: almost no armour, amphibious, 8 rings, constrict 8, camouflage 1, gelatinous
body 1
a: Evoke Flight


You were on level 2 of the Dungeon.
You were hungry.

You visited 1 branch of the dungeon, and saw 2 of its levels.

You collected 63 gold pieces.

Inventory:

Hand weapons
 b - a +0 shortbow
Missiles
 c - 30 arrows
 e - 6 needles of confusion
Jewellery
 h - a ring of flight (left tentacle)
Scrolls
 a - a scroll of identify
 g - a scroll of remove curse
Potions
 m - a potion of restore abilities
Books
 d - a book of Debilitation

   Spells                             Type                      Level
   a - Corona                         Hexes                        1
   b - Slow                           Hexes                        2
   c - Inner Flame                    Hexes/Fire                   3
   d - Enslavement                    Hexes                        4
   e - Cause Fear                     Hexes                        4
   f - Leda's Liquefaction            Hexes/Earth                  4
Comestibles
 f - 2 bread rations
 i - 2 meat rations
 j - 2 slices of pizza
 n - 3 fruits


   Skills:
 - Level 1.0 Fighting
 + Level 3.6 Bows
 - Level 2.0 Dodging
 - Level 0.4 Stealth
 - Level 1.1 Spellcasting
 - Level 3.3 Hexes


You had one spell level left.
You knew the following spells:

 Your Spells              Type           Power        Failure   Level  Hunger
a - Corona                Hex            ##.....      8%          1    ##.....
b - Slow                  Hex            ##......     10%         2    ###....


Dungeon Overview and Level Annotations

Branches:
Dungeon (2/15)

Altars:


Innate Abilities, Weirdness & Mutations

You cannot wear most types of armour.
You are amphibious.
You can wear up to eight rings at the same time.
You can use your tentacles to constrict many enemies at once.
Your skin changes colour to match your surroundings (Stealth).
Your rubbery body absorbs attacks (AC +1).


Message History

You closely miss the kobold. You grab the kobold.
You constrict the kobold, but do no damage.
You feel sick. The kobold hits you with a dagger.
* * * LOW HITPOINT WARNING * * *
You tentacle-slap the kobold but do no damage.
You squeeze the kobold.
You kill the kobold!
* * * LOW HITPOINT WARNING * * *
You feel sick.
Drink which item? (? for menu, Esc to quit)
It was a potion of might.
You feel very mighty all of a sudden.
* * * LOW HITPOINT WARNING * * *
You feel sick.
Drink which item? (? for menu, Esc to quit)
It was a potion of poison.
That liquid tasted very nasty...
You are more poisoned.
* * * LOW HITPOINT WARNING * * *
You feel sick.
You die...

####.####.##.## #..#
#.##.# ##.###.##.#
###### #.†##.##.#
#....# #......#.#
#.≈≈≈≈
#..##..#.#####.≈###
#......#.......≈≈≈≈
#......########≈≈#≈
#.@....# #.....≈≈#≈
#.)....###.###.≈≈#≈
........#.......≈≈≈≈
###.##..##.#.....≈###
#.. ...# ######≈≈≈≈
### #>... ##... .##
#.#. .# #.#. #.#.


There were no monsters in sight!

Vanquished Creatures
  An adder (D:2)
  A worm (D:2)
  A ball python (D:1)
  5 bats
  2 giant cockroaches (D:1)
  4 hobgoblins
  3 jackals (D:1)
  7 kobolds
  A giant gecko (D:1)
  4 goblins (D:1)
  5 rats
34 creatures vanquished.

Notes
Turn   | Place    | Note
--------------------------------------------------------------
     0 | D:1      | ventricule, the Octopode Arcane Marksman, began the quest for the Orb.
     0 | D:1      | Reached XP level 1. HP: 13/13 MP: 2/2
   406 | D:1      | Reached XP level 2. HP: 15/18 MP: 1/3
   563 | D:1      | Learned a level 2 spell: Slow
  1264 | D:1      | Reached XP level 3. HP: 23/23 MP: 2/4
  1965 | D:2      | Succumbed to poison (a potion of poison)

Action                   || total
-------------------------++-------
Melee: Unarmed           ||    99
 Fire: Shortbow          ||     5
 Cast: Corona            ||    32
       Slow              ||     3
  Use: Scroll            ||     4
       Potion            ||     2
  Eat: Chunk             ||     4
